 Dungeon Crawl Stone Soup version 0.29.0-4-gdea44cf6ec (webtiles) character file.

Game seed: 17951085310796881025

100 qw the Chopper (level 4, -5/26 HPs)
             Began as a Tengu Warper on Aug 28, 2022.
             Slain by a black bear (10 damage)
             ... on level 3 of the Dungeon.
             The game lasted 00:00:13 (2494 turns).

qw the Chopper (Tengu Warper)                       Turns: 2494, Time: 00:00:14

Health: -5/26      AC:  8    Str: 13    XL:     4   Next: 74%
Magic:  8/8        EV:  6    Int: 13    God:
Gold:   189        SH:  0    Dex: 14    Spells: 7/7 levels left

rFire   . . .      SeeInvis +   Y - +0 hand axe (elec)
rCold   . . .      Faith    .   (no shield)
rNeg    . . .      Spirit   .   a - +0 chain mail
rPois   .          Reflect  .   (helmet restricted)
rElec   .          Harm     .   (no cloak)
rCorr   .          Rampage  .   (no gloves)
Will    .....                   (boots unavailable)
Stlth   ..........              (no amulet)
HPRegen 0.08/turn               g - ring of see invisible
MPRegen 0.11/turn               (no ring)

@: no status effects
A: beak, talons 3
a: no special abilities


You were on level 3 of the Dungeon.
You visited 1 branch of the dungeon, and saw 3 of its levels.

You collected 189 gold pieces.


Innate Abilities, Weirdness & Mutations

You have a beak for a mouth.
You have claws for feet.


   Skills:
 - Level 2.0 Fighting
 + Level 5.3 Axes
 - Level 1.0 Throwing
 - Level 1.1 Armour
 - Level 2.1 Dodging
 - Level 2.0 Spellcasting
 - Level 2.4 Translocations


You had 7 spell levels left.
You didn't know any spells.
Your spell library contained the following spells:

 Spells                   Type           Power      Damage    Failure   Level
 Blink                    Tloc           14%        N/A       99%         2
 Gell's Gravitas          Tloc           7%         N/A       100%        3
 Lesser Beckoning         Tloc           7%         N/A       100%        3
 Teleport Other           Tloc           7%         N/A       100%        3
 Manifold Assault         Tloc           7%         N/A       100%        5

Inventory:

Hand Weapons
 k - the +6 mace of the Shark {pain, rElec rPois}
   (You found it on level 3 of the Dungeon)

   In the hands of one skilled in necromantic magic, it inflicts extra damage on
   living creatures.
   rElec:     It insulates you from electricity.
   rPois:     It protects you from poison.
 Y - a +0 hand axe of electrocution (weapon)
Armour
 a - a +0 chain mail (worn)
Jewellery
 g - a ring of see invisible (left hand)
Scrolls
 f - a scroll of identify
 i - a scroll of enchant weapon {unknown}
 j - a scroll of immolation {unknown}
Potions
 b - a potion of degeneration {unknown}
 c - a potion of curing {unknown}
 d - a potion of berserk rage {unknown}
 e - a potion of lignification {unknown}
 h - a potion of brilliance {unknown}
 m - 2 potions of haste
 n - a potion of might {unknown}
 o - a potion of flight {unknown}

Dungeon Overview and Level Annotations

Branches:
Dungeon (3/15)

Altars:


Message History

You hit the black bear but do no damage.
The black bear bites you.
The black bear claws you but does no damage. x2
You hit the black bear. Your peck misses the black bear.
The black bear is moderately wounded.
The black bear bites you but does no damage.
The black bear claws you but does no damage. x2
You hit the black bear. Your kick misses the black bear.
You peck the black bear.
The black bear is heavily wounded.
The black bear bites you but does no damage.
The black bear claws you but does no damage.
The black bear claws you.
You hit the black bear but do no damage.
The black bear is heavily wounded.
The black bear bites you.
The black bear claws you but does no damage.
The black bear closely misses you.
You barely miss the black bear. You peck the black bear.
The black bear is heavily wounded.
The black bear barely misses you.
The black bear claws you but does no damage.
The black bear closely misses you.
You hit the black bear.
The black bear is severely wounded.
The black bear bites you. The black bear claws you.
The black bear barely misses you.
You completely miss the black bear. Your kick misses the black bear.
The black bear is severely wounded.
The black bear goes berserk!
You hit the black bear. You claw the black bear. You peck the black bear.
The black bear is almost dead.
The black bear closely misses you.
The black bear claws you but does no damage. x2
The black bear bites you. The black bear barely misses you.
The black bear claws you.
You hit the black bear.
The black bear is almost dead.
The black bear bites you!
You die...

......#..#..#.#.#.###
.##'#.#..#..#.#.#.#.#
.+..#.#...._....#...#
.#.[#.#.#..####.###.#
.####.#.#..# #. #.#
......#.#..# #. #.#
.####:#....# #. #.#
.'..#.#.#.#####h###.#
.#.}#.#.........@...#
.####.#.........#####
......#.#.#######
#######.#.#
#........#
.#.###..### .#.# #?.#
##.# #..# ##.###..#


You could see a black bear (berserk).

Vanquished Creatures
  5 adders
  A worm (D:2)
  3 dart slugs
  6 ball pythons
  4 endoplasms
  3 goblins
  8 hobgoblins
  4 quokkas
  3 bats
  2 frilled lizards
  A kobold (D:2)
  7 rats
47 creatures vanquished.

Notes
Turn   | Place    | Note
-------+----------+-------------------------------------------
     0 | D:1      | qw the Tengu Warper began the quest for the Orb.
     0 | D:1      | Reached XP level 1. HP: 12/12 MP: 4/4
     0 | D:1      | 0 ||| qw: Version: 0.1-a-89-g26bdef1
     0 | D:1      | 0 ||| qw: Game counter: 3007
     0 | D:1      | 0 ||| qw: Always use a shield: true
     0 | D:1      | 0 ||| qw: God list: Okawaru
     0 | D:1      | 0 ||| qw: Allow faded altars: false
     0 | D:1      | 0 ||| qw: Do Orc after D:15 true
     0 | D:1      | 0 ||| qw: Do second Lair branch before Depths: true
     0 | D:1      | 0 ||| qw: Lair rune preference: random
     0 | D:1      | 0 ||| qw: Plans: Normal
     0 | D:1      | 0 ||| PLANNING D:1-11
   183 | D:1      | Reached XP level 2. HP: 17/17 MP: 6/6
   194 | D:1      | Reached skill level 3 in Axes
   248 | D:1      | 248 ||| Stepping ~*~*~tactically~*~*~ (stealth).
   270 | D:1      | 270 ||| Stepping ~*~*~tactically~*~*~ (stealth).
   271 | D:1      | 271 ||| Stepping ~*~*~tactically~*~*~ (stealth).
   272 | D:1      | 272 ||| Stepping ~*~*~tactically~*~*~ (stealth).
   564 | D:1      | 564 ||| UPGRADING to +0 scale mail.
   574 | D:1      | 574 ||| DROPPING +0 leather armour.
   575 | D:1      | 575 ||| DROPPING +0 ring mail.
   576 | D:1      | 576 ||| UPGRADING to ring of see invisible.
   577 | D:1      | 577 ||| READING scroll labelled ZOC VUIFEWEOMI.
   578 | D:1      | 578 ||| READING scroll labelled TUSENA UHIEWAI.
   579 | D:1      | 579 ||| READING scroll labelled QIUFERCHIE.
   680 | D:1      | 680 ||| READING scroll labelled WACSUS TYGG.
   681 | D:1      | 681 ||| DROPPING +0 club.
   682 | D:1      | 682 ||| READING scroll labelled JOBLOL MIXOCI.
   683 | D:1      | 683 ||| DROPPING scroll of blinking.
   777 | D:2      | Reached XP level 3. HP: 21/21 MP: 7/7
   800 | D:2      | Reached skill level 4 in Axes
   892 | D:2      | 892 ||| Stepping ~*~*~tactically~*~*~ (hiding).
   894 | D:2      | 894 ||| Stepping ~*~*~tactically~*~*~ (hiding).
  1015 | D:2      | HP: 5/21 [poisoned by an adder]
  1017 | D:2      | Reached XP level 4. HP: 5/26 MP: 8/8
  1019 | D:2      | HP: 2/26 [poisoned by an adder]
  1131 | D:2      | 1131 ||| Stepping ~*~*~tactically~*~*~ (stealth).
  1133 | D:2      | 1133 ||| Stepping ~*~*~tactically~*~*~ (stealth).
  1161 | D:2      | 1161 ||| Stepping ~*~*~tactically~*~*~ (stealth).
  1162 | D:2      | 1162 ||| FLEEEEING.
  1163 | D:2      | 1163 ||| FLEEEEING.
  1166 | D:2      | 1166 ||| STAIRDANCE
  1311 | D:1      | 1311 ||| UPGRADING to +0 chain mail.
  1321 | D:1      | 1321 ||| DROPPING +0 scale mail.
  1565 | D:2      | 1565 ||| READING scroll labelled ULLATZ FYAZATU.
  1568 | D:2      | 1568 ||| DRINKING 2 glowing pink potions.
  1691 | D:3      | 1691 ||| Stepping ~*~*~tactically~*~*~ (hiding).
  1693 | D:3      | 1693 ||| Stepping ~*~*~tactically~*~*~ (hiding).
  1849 | D:3      | Reached skill level 5 in Axes
  1934 | D:3      | 1934 ||| READING scroll of brand weapon.
  1934 | D:3      | 1934 ||| BRANDING +0 hand axe of flaming.
  2044 | D:3      | Found a faded altar of an unknown god.
  2354 | D:3      | Identified the +6 mace of the Shark {pain, rElec rPois}
  2356 | D:3      | 2356 ||| DROPPING +0 whip.
  2484 | D:3      | Noticed a black bear
  2493 | D:3      | HP: 5/26 [black bear (6)]
  2494 | D:3      | Slain by a black bear

Levels and vault maps discovered:
D:1:      roderic_octagonal_star, layout_loops_ring
D:2:      layout_rooms
D:3:      minmay_door_path, layout_basic, basic_ecumenical_altar

Skill      XL: |  1  2  3  4 |
---------------+-------------+-----
Axes           | 3 4 5 |  5.3
Fighting       | |  2.0
Throwing       | |  1.0
Armour         | |  1.1
Dodging        | |  2.1
Spellcasting   | |  2.0
Translocations | |  2.4

Action                   |  1- 3 |  4- 6 || total
-------------------------+-------+-------++-------
Melee: Hand axe          |    57 |    53 ||   110
       Kick              |    18 |    10 ||    28
       Peck              |     8 |     6 ||    14
       Punch             |       |     1 ||     1
Throw: Boomerang         |     7 |       ||     7
  Use: Scroll            |     5 |     2 ||     7
       Potion            |       |     1 ||     1
 Stab: Sleeping          |     1 |       ||     1
Armor: Scale mail        |    23 |       ||    23
       Leather armour    |     4 |       ||     4
       Chain mail        |       |    27 ||    27
Dodge: Dodged            |    24 |    17 ||    41

Table legend:
 A = Non-vault XP
 B = Vault XP
 C = Vault XP percentage of total XP
 D = Non-vault monster count
 E = Vault monster count
 F = Vault count percentage of total count
                 A         B        C        D         E       F
            +---------+---------+-------+---------+---------+-------
      Total |     141 |       3 |   2.1 |      45 |       2 |   4.3
            +---------+---------+-------+---------+---------+-------
        D:1 |      23 |       0 |   0.0 |      11 |       0 |   0.0
        D:2 |      70 |       0 |   0.0 |      18 |       0 |   0.0
        D:3 |      48 |       3 |   5.9 |      16 |       2 |  11.1
            +---------+---------+-------+---------+---------+-------
